 Dungeon Crawl Stone Soup version 0.24.0-123-gd5b16e6ec5 (webtiles) character file.

Game seed: 10739069728104939607, levelgen mode: deterministic

210 L1onk1ng the Ruffian (level 5, 0/53 HPs)
             Began as a Troll Berserker on Jan 4, 2020.
             Was a Priest of Trog.
             Slain by an orc priest
             ... wielding a +1 war axe of chopping
              (11 damage)
             ... on level 4 of the Dungeon on Jan 5, 2020.
             The game lasted 00:50:58 (2546 turns).

L1onk1ng the Ruffian (Troll Berserker)              Turns: 2546, Time: 00:50:59

Health: 0/53       AC:  7    Str: 26    XL:     5   Next: 56%
Magic:  4/4        EV: 10    Int:  3    God:    Trog [***...]
Gold:   114        SH:  0    Dex:  9    Spells: 4/4 levels left

rFire    . . .     SeeInvis .   p - +0 rapier
rCold    . . .     Gourm    +   (no shield)
rNeg     . . .     Faith    .   d - +1 robe
rPois    .         Spirit   .   (helmet restricted)
rElec    .         Reflect  .   (no cloak)
rCorr    .         Harm     .   (gloves unavailable)
MR       .....                  (boots unavailable)
Stlth    +.........             (no amulet)
HPRegen  0.57/turn              (no ring)
MPRegen  0.09/turn              (no ring)

@: berserk cooldown, slowed, very slow
A: large, unfitting armour, claws 3, fast metabolism 3, gourmand, regeneration
1, shaggy fur 1, tough skin 3
a: Berserk, Trog's Hand, Renounce Religion


You were on level 4 of the Dungeon.
You worshipped Trog.
Trog was most pleased with you.
You were very full.

You visited 1 branch of the dungeon, and saw 4 of its levels.

You collected 114 gold pieces.

Inventory:

Hand Weapons
 f - a cursed -1 club
 g - a +0 dagger
 p - a +0 rapier (weapon)
 C - a +0 dagger
 E - a +0 hunting sling
Missiles
 c - 19 arrows
 n - 106 stones (quivered)
 v - 7 atropa-tipped darts
 F - 15 bolts
Armour
 a - a +0 cloak
 d - a +1 robe (worn)
 i - a +0 robe
 l - a +0 ring mail
 o - a +0 ring mail
 q - a +0 robe
 t - a cursed +0 helmet
 u - a +0 ring mail
 w - a cursed -1 chain mail
 x - a +0 leather armour
 z - a +0 buckler
 A - a +0 animal skin
 D - a +0 leather armour
Jewellery
 j - a +4 ring of protection {unknown}
 m - an uncursed amulet of regeneration {unknown}
Scrolls
 h - 2 scrolls of magic mapping
 r - a scroll of remove curse
 y - a scroll of identify
Potions
 e - 2 potions of might {unknown}
 k - a potion of haste {unknown}
 s - a potion of invisibility {unknown}
 B - a potion of curing
Comestibles
 b - 2 rations


   Skills:
 + Level 3.0 Fighting
 + Level 2.8 Short Blades
 + Level 0.4 Throwing
 + Level 3.3 Dodging
 + Level 3.4 Unarmed Combat


You had 4 spell levels left.
You didn't know any spells.
Your spell library contained the following spells:

 Spells                   Type           Power        Failure   Level  Hunger
 Confusing Touch          Hex            #.....       52%         1    ##.....
 Confuse                  Hex            #.......     88%         3    ####...
 Gell's Gravitas          Tloc           #.........   88%         3    ####...
 Petrify                  Tmut/Erth      #.......     99%         4    #####..
 Metabolic Englaciation   Hex/Ice        #.........   100%        5    ######.
 Yara's Violent Unravell  Hex/Tmut       #.........   100%        5    ######.


Dungeon Overview and Level Annotations

Branches:
Dungeon (4/15)
 Temple: D:4-7

Altars:
Ashenzari
Cheibriados
Uskayaw


Innate Abilities, Weirdness & Mutations

You are too large for most types of armour.
You have claws for hands.
Your metabolism is lightning-fast.
You like to eat raw meat.
Your natural rate of healing is unusually fast.
You are covered in fur. (AC +1)
You have extremely tough skin. (AC +3)


Message History

You barely miss the orc priest.
The orc priest is heavily wounded.
The crimson imp lashes its tail.
The orc priest misses you. The crimson imp hits you.
* * * LOW HITPOINT WARNING * * *
You hit the orc priest.
The orc priest is severely wounded.
The orc priest barely misses you. The crimson imp closely misses you.
You closely miss the orc priest.
The orc priest is severely wounded.
The orc priest completely misses you. The crimson imp hits you.
* * * LOW HITPOINT WARNING * * *
The orc priest barely misses you. The crimson imp hits you.
* * * LOW HITPOINT WARNING * * *
You barely miss the orc priest.
The orc priest is severely wounded.
The crimson imp hits you.
* * * LOW HITPOINT WARNING * * *
The orc priest hits you with a +1 war axe of chopping!
You die...

..#..# #.#..# #
#.#..# #. #.#..#
#?. #.#..#
##...###.#..#
........o#..#
.......@5...#
####....###)..#
........##...#
...♣♣ ..##5..# ♣.
♣.##...# # ♣.
♣.##...#.# ♣.♣#
#♣.##...#.####
♣.♣♣♣.............
#..
♣♣♣..........#.###


You could see an orc priest and a crimson imp.

Vanquished Creatures
  2 orc priests (D:3)
  An orc wizard (D:4)
  2 adders
  An adder skeleton (D:4)
  2 worms (D:2)
  2 leopard geckos (D:2)
  21 orcs
  7 giant cockroaches
  4 goblins
  4 hobgoblins
  4 jackals (D:1)
  6 kobolds
  4 quokkas
  A ball python (D:1)
  5 bats
  5 frilled lizards
  7 rats
78 creatures vanquished.

Notes
Turn   | Place    | Note
-------+----------+-------------------------------------------
     0 | D:1      | L1onk1ng the Troll Berserker began the quest for the Orb.
     0 | D:1      | Reached XP level 1. HP: 22/22 MP: 0/0
   206 | D:1      | Reached XP level 2. HP: 29/29 MP: 1/1
   227 | D:1      | Found a shattered altar of Ashenzari.
   902 | D:2      | Reached XP level 3. HP: 28/36 MP: 2/2
   959 | D:2      | Reached ** piety under Trog
   998 | D:2      | Reached skill level 1 in Short Blades
  1814 | D:3      | Reached XP level 4. HP: 29/44 MP: 3/3
  1940 | D:3      | Reached XP level 5. HP: 53/53 MP: 4/4
  2054 | D:3      | Reached *** piety under Trog
  2095 | D:3      | Found a snail-covered altar of Cheibriados.
  2376 | D:3      | Found a hide-covered altar of Uskayaw.
  2546 | D:4      | Slain by an orc priest

Levels and vault maps discovered:
D:1:      lightli_arrival_lavapool, layout_loops_ring, moated_statue,
          chequers_decorated_corner, evilmike_ruin_ashenzari
D:2:      layout_basic, first_ration, minivault_14
D:3:      layout_loops_cross, nicolae_overflow_hidden_temple,
          kennysheep_slug_shrine
D:4:      layout_basic, yredelemnul_forgotten_temple_becter, serial_shops, shop,
          st_stairs_13, minmay_stone_trees_medium

Skill      XL: |  1  2  3  4 |
---------------+-------------+-----
Short Blades   | 1 2 |  2.8
Dodging        | 3 |  3.3
Fighting       | 3 |  3.0
Throwing       | |  0.4
Unarmed Combat | |  3.4

Action                   |  1- 3 |  4- 6 || total
-------------------------+-------+-------++-------
Melee: Unarmed           |    30 |       ||    30
       Punch             |     2 |       ||     2
       Rapier            |   104 |   102 ||   206
Throw: Stone             |     3 |     1 ||     4
Invok: Berserk           |       |     2 ||     2
  Use: Scroll            |    10 |       ||    10
       Potion            |     3 |       ||     3
  Eat: Chunk             |     5 |     7 ||    12
       Ration            |     4 |     1 ||     5
Armor: Animal skin       |    27 |       ||    27
       Skin              |    11 |       ||    11
       Robe              |    55 |    38 ||    93
Dodge: Dodged            |   115 |    69 ||   184
